 Dungeon Crawl Stone Soup version 0.29.1-2-gbd0b4ee654 (webtiles) character file.

Game seed: 6929463729956876786

8498 DildoBatman the Artisan of Death (level 11, 0/81 HPs)
             Began as a Formicid Conjurer on Nov 24, 2022.
             Was a Priest of Kikubaaqudgha.
             Slain by a gnoll sergeant
             ... wielding a +3 vorpal spear
              (10 damage)
             ... on level 7 of the Dungeon.
             The game lasted 00:39:34 (12016 turns).

DildoBatman the Artisan of Death (FoCj)            Turns: 12016, Time: 00:39:35

Health: 0/81       AC: 12    Str: 10    XL:     11   Next: 56%
Magic:  4/21       EV:  7    Int: 33    God:    Kikubaaqudgha [***...]
Gold:   1030       SH:  0    Dex: 12    Spells: 7/24 levels left

rFire   + . .      SeeInvis +   a - +4 dagger "Morg" {pain, Will+ Int+5}
rCold   . . .      Faith    .   (no shield)
rNeg    . . .      Spirit   .   o - +4 troll leather armour
rPois   .          Reflect  .   (helmet unavailable)
rElec   .          Harm     .   (no cloak)
rCorr   .          Rampage  .   q - +1 pair of gloves {infuse}
Will    ++...                   (no boots)
Stlth   ++........              (no amulet)
HPRegen 1.03/turn               M - +6 ring of intelligence
MPRegen 0.17/turn               (no ring)

@: lethally poisoned (0 -> -9), held
A: permanent stasis, dig shafts and tunnels, antennae 3, four strong arms, fire
resistance 1, shaggy fur 1, weak 1
a: Dig, Shaft Self, Renounce Religion, Unearth Wretches


You were on level 7 of the Dungeon.
You worshipped Kikubaaqudgha.
Kikubaaqudgha was most pleased with you.
You visited 2 branches of the dungeon, and saw 11 of its levels.
You also visited: Bailey.

You collected 1030 gold pieces.

Inventory:

Hand Weapons
 a - the +4 dagger "Morg" (weapon) {pain, Will+ Int+5}
   (You found it on level 7 of the Dungeon)

   In the hands of one skilled in necromantic magic, it inflicts extra damage on
   living creatures.
   Int:       It affects your intelligence (+5).
   Will:      It increases your willpower.
 b - the +5 arbalest "Qyusyawn" {elec, rPois rC- rCorr Str+8}
   (You took it off a centaur on level 9 of the Dungeon)

   Any ammunition fired from it occasionally discharges a powerful burst of
   electricity upon striking a foe.
   Str:       It affects your strength (+8).
   rC:        It makes you vulnerable to cold.
   rPois:     It protects you from poison.
   rCorr:     It protects you from acid and corrosion.
Missiles
 d - 6 javelins
 i - 5 throwing nets
 A - a curare-tipped dart
 I - 3 poisoned darts
Armour
 o - a +4 troll leather armour (worn)
 q - a +1 pair of gloves of infusion (worn)
Magical Staves
 k - a staff of poison
 x - a staff of fire
 K - a staff of death
Jewellery
 e - a ring of fire
 M - a +6 ring of intelligence (left hand)
Wands
 g - a wand of flame (17)
 w - a wand of paralysis (3)
Scrolls
 c - 4 scrolls of fear {unknown}
 f - 2 scrolls of amnesia {unknown}
 j - 2 scrolls of immolation
 n - 2 scrolls of enchant weapon {unknown}
 r - 2 scrolls of blinking {unknown}
 s - 3 scrolls of fog {unknown}
 y - 3 scrolls of noise {unknown}
 z - 2 scrolls of identify
 D - a scroll of summoning {unknown}
 F - a scroll of torment {unknown}
 L - a scroll of poison {unknown}
Potions
 l - 2 potions of might
 m - 5 potions of curing
 p - a potion of magic
 t - 3 potions of attraction
 u - a potion of resistance {unknown}
 v - a potion of ambrosia {unknown}
 B - 2 potions of lignification {unknown}
 C - 2 potions of mutation
 E - 2 potions of cancellation {unknown}
 H - a potion of heal wounds {unknown}
 N - 2 potions of invisibility {unknown}
Miscellaneous
 G - a phantom mirror


   Skills:
 - Level 6.1 Fighting
 - Level 6.0 Armour
 - Level 4.8 Dodging
 - Level 2.4 Stealth
 - Level 7.0 Spellcasting
 - Level 6.0 Conjurations
 * Level 10.4 Necromancy
 * Level 6.5 Earth Magic


You had 7 spell levels left.
You knew the following spells:

 Your Spells              Type           Power      Damage    Failure   Level
a - Borgnjor's Vile Clut  Necr/Erth      30%        N/A       4%          5
c - Searing Ray           Conj           100%       2d8       1%          2
d - Vampiric Draining     Necr           69%        2d10      1%          3
e - Magic Dart            Conj           100%       1d8       1%          1
h - Dispel Undead         Necr           69%        3d23      1%          4
z - Sublimation of Blood  Necr           69%        N/A       1%          2

Your spell library contained the following spells:

 Spells                   Type           Power      Damage    Failure   Level
 Necrotise                Necr           100%       1d9       1%          1
 Animate Dead             Necr           69%        N/A       1%          4
 Agony                    Necr           69%        N/A       1%          5
 Static Discharge         Conj/Air       31%        3-7/arc   2%          2
 Apportation              Tloc           22%        N/A       4%          1
 Dazzling Flash           Conj/Hex       62%        N/A       4%          3
 Anguish                  Hex/Necr       23%        N/A       6%          4
 Death Channel            Necr           34%        N/A       11%         6
 Corpse Rot               Necr/Pois/Air  34%        N/A       12%         4
 Iskenderun's Battlesphe  Conj           50%        2d10      12%         5
 Fulminant Prism          Conj/Hex       15%        3d11      14%         4
 Iskenderun's Mystic Bla  Conj/Tloc      31%        2d8       14%         4
 Lightning Bolt           Conj/Air       15%        1d29      36%         5
 Iron Shot                Conj/Erth      26%        9d6       50%         6
 Alistair's Intoxication  Tmut/Pois      7%         N/A       80%         5
 Spellforged Servitor     Conj/Summ      15%        N/A       100%        7
 Maxwell's Capacitive Co  Air            5%         ∞         100%        8


Dungeon Overview and Level Annotations

Branches:
Dungeon (10/15)            Temple (1/1) D:7            Lair (0/5) D:8
 Bailey (visited)
    Orc: D:9-12

Altars:
Ashenzari
Cheibriados
Dithmenos
Elyvilon
Fedhas
Gozag
Hepliaklqana
Kikubaaqudgha
Makhleb
Nemelex Xobeh
Okawaru
Qazlal
Ru
Sif Muna
Trog
Uskayaw
Vehumet
Wu Jian
Xom
Yredelemnul
Zin
The Shining One

Shops:
D:10 :

Portals:
Abyss: D:10

Annotations:
D:7 1 transporter
D:8 1 exclusion, Joseph; Psyche
D:10 2 transporters, hiiriolo's ghost, novice KoHu


Innate Abilities, Weirdness & Mutations

You cannot be hasted, slowed, berserked, paralysed or teleported.
You can dig through walls and to a lower floor.
You have a pair of large antennae on your head. (SInv)
Your four strong arms can wield two-handed weapons with a shield.
Your flesh is heat resistant. (rF+)
You are covered in fur. (AC +1)
You are weak. (Str -2)


Message History

Things that are here:
a +0 club; a +0 robe; a +0 spear; a +0 ring mail; a gnoll corpse
Casting: Borgnjor's Vile Clutch (dangerous; 4% risk of failure)
Confirm with . or Enter, or press ? or * to list all spells.
Aiming: Borgnjor's Vile Clutch (dangerous; 4% risk of failure)
Press: ? - help, Shift-Dir - straight line, f - gnoll
Aim: a gnoll, wielding a +0 spear of venom and quivering a throwing net (covering ground quickly, 100% to hit)
Zombie hands grab the gnoll. x2
The zombie hands constrict the gnoll!
The zombie hands constrict the gnoll.
You feel sick.
The gnoll zaps a wand.
The bolt of acid hits you!
The gnoll sergeant hits you but does no damage.
The gnoll hits you but does no damage.
You are more poisoned.
Are you sure you want to shaft yourself?
The zombie hands constrict the gnoll!
You kill the gnoll!
Kikubaaqudgha accepts your kill.
The zombie hands constrict the gnoll!
You feel very sick. The gnoll sergeant barely misses you.
The gnoll throws a throwing net.
The throwing net hits you.
You become entangled in the net!
You stop digging.
You struggle against the net.
The zombie hands constrict the gnoll!
You kill the gnoll!
Kikubaaqudgha accepts your kill.
You feel sick.
The gnoll sergeant hits you but does no damage.
You struggle against the net.
You feel sick.
The gnoll sergeant hits you from afar with the +4 spear "Zinosusch" {venom, MP+9 Str+2}.
You are more poisoned.
The gnoll sergeant hits you from afar with a +3 vorpal spear!
You die...
Kikubaaqudgha rasps: "You have failed me!
Welcome... death!"

#gg.#.###.©.###.#g.g#≈≈....#
#...###W#####.###...#≈≈....#
###......{gg......###≈≈....##
.8#.######'######.#8.≈≈.#...#
.##.#.⌠.#..8#...#.##.≈≈.#.#.#
.#g.'.....©⌠#:..'..#.~~.#.#.#####
.##.#.⌠.#..8#...#g##.≈≈...#......
.8#.######'######)#8.≈≈.#########
###.......).))g.@.###≈≈.# #
#...###.#####.###...#≈≈.#
#...#.###.©.###.#...#≈≈.#
#####...........#####≈≈.#
≈≈≈≈≈≈≈≈≈≈~≈≈≈≈≈≈≈≈≈≈≈≈.# ####
≈≈≈≈≈≈≈≈≈≈~≈≈≈≈≈≈≈≈≈≈≈≈.# #..)
........................# ##.##
###.##..####...........######..##
#....#####+##'##+###...=.......


You could see 2 gnoll sergeants.

Vanquished Creatures
  Fannar (D:10)
  A two-headed ogre (D:9)
  The ghost of ripuliukko the Cleaver, a novice MiFi of Okawaru (D:7)
  A gargoyle (D:10)
  An unseen horror (D:10)
  A troll (D:10)
  Grinder (D:3)
  2 shadows (D:10)
  Grum (Bailey)
  A water moccasin (D:7)
  An orc warrior (D:9)
  3 ice beasts
  A black bear (D:6)
  7 wolves (Bailey)
  5 centaurs
  3 ogres
  The ghost of Syrassil the Cutter, an amateur KoAK of Lugonu (D:3)
  2 phantoms (D:7)
  2 kobold brigands
  4 bullfrogs
  A necrophage (D:7)
  11 gnoll sergeants
  4 scorpions
  A wyvern skeleton (D:7)
  9 wights
  6 killer bees (D:10)
  5 hounds
  A centaur zombie (D:7)
  An orc priest (D:4)
  8 gnoll boudas
  3 iguanas
  10 orc wizards
  A centaur simulacrum (D:7)
  A spectral howler monkey (D:7)
  29 gnolls
  10 adders
  A shadow imp (D:7)
  3 white imps
  An ufetubus (D:5)
  4 dart slugs
  A worm (D:3)
  23 orcs
  8 ball pythons
  7 endoplasms
  3 giant cockroaches
  7 goblins
  13 hobgoblins
  14 kobolds
  3 quokkas
  4 bats
  4 frilled lizards
  5 rats
242 creatures vanquished.

Vanquished Creatures (others)
  6 plants (D:7)
  22 withered plants (D:7)
28 creatures vanquished.

Grand Total: 270 creatures vanquished

Notes
Turn   | Place    | Note
-------+----------+-------------------------------------------
     0 | D:1      | DildoBatman the Formicid Conjurer began the quest for the
                  | Orb.
     0 | D:1      | Reached XP level 1. HP: 13/13 MP: 3/3
   273 | D:1      | Reached XP level 2. HP: 20/20 MP: 1/5
   276 | D:1      | Learned a level 2 spell: Searing Ray
   546 | D:1      | Reached skill level 1 in Fighting
   577 | D:1      | Reached skill level 1 in Armour
   677 | D:1      | Reached XP level 3. HP: 26/26 MP: 3/6
   941 | D:2      | Reached XP level 4. HP: 25/32 MP: 5/8
  1999 | D:3      | Reached XP level 5. HP: 7/38 MP: 6/9
  2034 | D:3      | Found a faded altar of an unknown god.
  2225 | D:3      | Noticed Grinder
  2592 | D:3      | Found a runed translucent door.
  2600 | D:3      | Noticed Syrassil's ghost (amateur KoAK)
  2944 | D:4      | Reached XP level 6. HP: 21/46 MP: 0/11
  3074 | D:4      | Found a bloodstained altar of Trog.
  3278 | D:4      | Found a stormy altar of Qazlal.
  3436 | D:5      | Entered Level 5 of the Dungeon
  3931 | D:5      | Found a shimmering altar of Xom.
  3937 | D:5      | Reached XP level 7. HP: 52/52 MP: 9/13
  4299 | D:5      | Reached skill level 5 in Conjurations
  4561 | D:5      | Reached skill level 5 in Spellcasting
  4689 | D:6      | Gained mutation: You are weak. (Str -2) [potion of
                  | mutation]
  4689 | D:6      | Gained mutation: You are dopey. (Int -2) [potion of
                  | mutation]
  4690 | D:6      | Lost mutation: You are weak. (Str -2) [potion of mutation]
  4690 | D:6      | Lost mutation: You are dopey. (Int -2) [potion of mutation]
  4690 | D:6      | Gained mutation: Your body sometimes deteriorates upon
                  | taking damage. [potion of mutation]
  4690 | D:6      | Gained mutation: Your muscles are strong. (Str +4, Int/Dex
                  | -1) [potion of mutation]
  4690 | D:6      | Gained mutation: Your flesh is heat resistant. (rF+)
                  | [potion of mutation]
  4691 | D:6      | Lost mutation: Your muscles are strong. (Str +4, Int/Dex
                  | -1) [potion of mutation]
  4691 | D:6      | Lost mutation: Your body sometimes deteriorates upon taking
                  | damage. [potion of mutation]
  4691 | D:6      | Gained mutation: You are weak. (Str -2) [potion of
                  | mutation]
  4691 | D:6      | Gained mutation: You are covered in fur. (AC +1) [potion of
                  | mutation]
  4844 | D:6      | Reached XP level 8. HP: 56/58 MP: 7/16
  5791 | D:7      | Found a radiant altar of Vehumet.
  5944 | D:7      | Found a staircase to the Ecumenical Temple.
  5953 | Temple   | Entered the Ecumenical Temple
  6065 | Temple   | Became a worshipper of Kikubaaqudgha
  6090 | D:7      | Reached XP level 9. HP: 65/65 MP: 11/19
  6314 | D:3      | Killed Syrassil's ghost
  6375 | D:3      | Killed Grinder
  6877 | D:4      | Reached skill level 5 in Fighting
  6877 | D:4      | Reached skill level 5 in Armour
  7287 | D:6      | Reached skill level 1 in Necromancy
  7496 | D:7      | Reached * piety under Kikubaaqudgha
  7496 | D:7      | Received a gift from Kikubaaqudgha
  7500 | D:7      | Learned a level 2 spell: Sublimation of Blood
  7587 | D:7      | Identified the +1 ring mail "Foisyz" {rCorr Int+3}
  7917 | D:7      | Found the +4 dagger "Morg" {pain, Will+ Int+5}
  7931 | D:7      | Learned a level 3 spell: Vampiric Draining
  8069 | D:7      | Identified the +4 spear "Zinosusch" {venom, MP+9 Str+2}
  8073 | D:7      | Noticed ripuliukko's ghost (novice MiFi)
  8085 | D:7      | Found a transporter.
  8085 | D:7      | Found a transporter.
  8085 | D:7      | Identified the ring of Disaster {rF- rN+ Will+ Dex+6}
  8213 | D:8      | Found a staircase to the Lair.
  8213 | D:8      | Noticed an elephant
  8243 | D:8      | Reached skill level 2 in Necromancy
  8272 | D:8      | Noticed Psyche
  8333 | D:8      | Noticed Joseph
  8392 | D:8      | Reached XP level 10. HP: 59/76 MP: 13/20
  8524 | D:8      | Reached skill level 3 in Necromancy
  8729 | D:8      | Reached skill level 4 in Necromancy
  8983 | D:9      | Noticed a two-headed ogre
  9252 | D:9      | Reached skill level 5 in Necromancy
  9287 | D:9      | Identified the +5 arbalest "Qyusyawn" {elec, rPois rC-
                  | rCorr Str+8}
  9309 | D:9      | Reached skill level 6 in Necromancy
  9310 | D:9      | Reached ** piety under Kikubaaqudgha
  9339 | D:9      | Found a flagged portal.
  9491 | Bailey   | Entered a bailey
  9953 | Bailey   | Reached skill level 7 in Necromancy
 10123 | Bailey   | Noticed Grum
 10132 | Bailey   | Killed Grum
 10146 | Bailey   | Reached skill level 8 in Necromancy
 10579 | Bailey   | Reached *** piety under Kikubaaqudgha
 10579 | Bailey   | Received a gift from Kikubaaqudgha
 10586 | Bailey   | Learned a level 5 spell: Borgnjor's Vile Clutch
 10591 | Bailey   | Learned a level 4 spell: Dispel Undead
 11077 | D:9      | Killed a two-headed ogre
 11078 | D:9      | Reached skill level 9 in Necromancy
 11078 | D:9      | Reached XP level 11. HP: 72/81 MP: 0/21
 11155 | D:10     | Entered Level 10 of the Dungeon
 11180 | D:10     | Found Higuolla's Vocational Training.
 11262 | D:10     | Found a transporter.
 11269 | D:10     | Found a transporter.
 11269 | D:10     | Noticed a toenail golem
 11296 | D:10     | Noticed a hell hog
 11302 | D:10     | Found a one-way gate to the infinite horrors of the Abyss.
 11302 | D:10     | Noticed hiiriolo's ghost (novice KoHu)
 11657 | D:10     | Reached skill level 5 in Earth Magic
 11678 | D:10     | Reached skill level 10 in Necromancy
 11789 | D:10     | Noticed Fannar
 11797 | D:10     | Killed Fannar
 12007 | D:7      | Killed ripuliukko's ghost
 12016 | D:7      | Slain by a gnoll sergeant

Illustrated notes

Levels and vault maps discovered:
D:1:      dpeg_arrival_rooms_with_view, layout_basic
D:2:      layout_loops_corners, serial_aquarium, aquarium_bridge_island_small
          [aquarium_subvault_small_water, aquarium_subvault_window,
          aquarium_subvault_bridge, aquarium_subvault_bridge,
          aquarium_subvault_bridge], aquarium_bridge_straight
          [aquarium_subvault_bridge, aquarium_subvault_window,
          aquarium_subvault_bridge, aquarium_subvault_balcony],
          aquarium_window_1, aquarium_window_fake, aquarium_window_corner,
          aquarium_window_corner, aquarium_view_2d, aquarium_balcony_3b,
          dreamdust_wishing_well, nicolae_elevator_lobby_plus
D:3:      layout_basic, chequers_ecumenical_altar_twisty, ebering_ghost_sewer_d,
          minmay_statues_item, nicolae_elevator_lobby_asterisk, uniq_grinder
D:4:      layout_basic, nicolae_qazlal_eye_of_the_storm,
          mainiacjoe_overflow_catwalk
D:5:      layout_basic, tgw_xom, glass_columns_a
D:6:      layout_loops_corners, grunt_tough_drop
D:7:      layout_rooms, mainiacjoe_overflow_24_doors,
          minmay_temple_entry_sparse_star, gammafunk_ghost_gnarly_gnolls,
          dilly_guarded_unrand_morg
D:8:      minmay_weird_star, layout_rooms, david_lair_generic, uniq_joseph,
          uniq_psyche
D:9:      layout_loops_ring, enter_bailey_5
D:10:     layout_gridville, gammafunk_ghost_abyssal_escape,
          nicolae_shop_vocational, uniq_fannar
Temple:   mainiacjoe_temple_coin_purse

Skill      XL: |  1  2  3  4  5  6  7  8  9 10 11 |
---------------+----------------------------------+-----
Dodging        | 2 3 4 |  4.8
Fighting       | 1 2 3 4 6 |  6.1
Armour         | 1 2 3 4 6 |  6.0
Conjurations   | 4 5 6 |  6.0
Spellcasting   | 3 4 5 7 |  7.0
Necromancy     | 2 9 10 | 10.4
Earth Magic    | 2 6 |  6.5
Stealth        | |  2.4

Action                   |  1- 3 |  4- 6 |  7- 9 | 10-12 || total
-------------------------+-------+-------+-------+-------++-------
Melee: Unarmed           |     1 |       |       |       ||     1
       Spear             |    17 |    60 |    17 |       ||    94
       Punch             |       |     2 |       |     1 ||     3
       Quarterstaff      |       |       |    29 |       ||    29
       Flail             |       |       |    20 |       ||    20
       Dagger            |       |       |     7 |    79 ||    86
 Fire: Shortbow          |       |       |    36 |    11 ||    47
       Arbalest          |       |       |       |    40 ||    40
 Cast: Magic Dart        |    45 |    28 |    22 |     1 ||    96
       Searing Ray       |     4 |    25 |    51 |    30 ||   110
       Vampiric Draining |       |       |       |    28 ||    28
       Sublimation of Bl |       |       |       |     9 ||     9
       Borgnjor's Vile C |       |       |       |    11 ||    11
       Dispel Undead     |       |       |       |     5 ||     5
 Abil: Dig               |       |     1 |     2 |     4 ||     7
       Shaft Self        |       |       |       |     1 ||     1
Evoke: Wand              |       |       |     3 |       ||     3
  Use: Potion            |       |     1 |     3 |     3 ||     7
       Scroll            |       |     5 |     2 |     9 ||    16
 Stab: Sleeping          |     1 |     4 |     2 |       ||     7
Armor: Robe              |     3 |    14 |    22 |       ||    39
       Ring mail         |       |       |    11 |    60 ||    71
       Troll leather arm |       |       |       |    10 ||    10
Dodge: Dodged            |    13 |    39 |    81 |   132 ||   265
